cohdb
Replays
Latest Replays
All Replays
Popular Replays
Top Player Replays
Match Explorer
How It Works
Community
CoH3 Stats
Reddit
Sign in to upload your games and track your stats! →
Sign in with Steam
Match 40232796
Unlisted
Match 40232796
Overview
Messages
Build Orders
End
Construct Infanterie Kompanie
Grenadier Squad
Grenadier Squad
GrW 34 Mortar Team
GrW 34 Mortar Team
Medical Station
Grenadier Squad
MG 42 Bunker
Construct Luftwaffe Kompanie
Jäger Squad
Jäger Squad
OKW Ferdinand Schörner
Waldoo
Donald Trump
Lox
ironfox
Jd577
CrackaJack
RMontesF
0
0
Comments
sign in to comment!
No comments posted yet!